 Dungeon Crawl Stone Soup version 0.30-a0-782-ge64f9170bb (webtiles) character file.

Game seed: 7713095979814679266

667 HoaS the Skirmisher (level 7, -1/40 HPs)
             Began as a Gargoyle Hunter on Feb 24, 2023.
             Slain by Duvessa
             ... wielding a +0 short sword
              (3 damage)
             ... on level 4 of the Dungeon.
             The game lasted 00:08:05 (3040 turns).

HoaS the Skirmisher (Gargoyle Hunter)               Turns: 3040, Time: 00:08:06

Health: -1/40      AC:  9    Str: 20    XL:     7   Next: 57%
Magic:  7/7        EV: 11    Int: 10    God:
Gold:   148        SH:  0    Dex: 15    Spells: 6/6 levels left

rFire   . . .      SeeInvis .    a - +3 shortbow
rCold   . . .      Faith    .    (shield currently unavailable)
rNeg    + . .      Spirit   .    e - +0 leather armour "Zeuttadi" {rElec Str+6}
rPois   ∞          Reflect  .    g - +0 helmet
rElec   +          Harm     .    h - +0 cloak
rCorr   .          Rampage  .    (no gloves)
Will    .....                    (no boots)
Stlth   ++                       (no amulet)
HPRegen 0.26/turn                (no ring)
MPRegen 0.10/turn                (no ring)

@: invisible
A: sickness immunity, AC +4, negative energy resistance 1, electricity
resistance, torment resistance 1, petrification resistance
a: no special abilities


You were on level 4 of the Dungeon.
You visited 1 branch of the dungeon, and saw 4 of its levels.

You collected 148 gold pieces.

Inventory:

Hand Weapons
 a - a +3 shortbow (weapon)
Armour
 e - the +0 leather armour "Zeuttadi" (worn) {rElec Str+6}
   (You found it on level 2 of the Dungeon)

   Str:       It affects your strength (+6).
   rElec:     It insulates you from electricity.
 g - a +0 helmet (worn)
 h - a +0 cloak (worn)
Wands
 l - a wand of polymorph (5)
Scrolls
 b - 2 scrolls of immolation
Potions
 d - 2 potions of flight
 f - a potion of lignification {unknown}
 i - a potion of ambrosia {unknown}
 j - a potion of heal wounds
 k - a potion of curing {unknown}
 m - a potion of cancellation
 n - a potion of magic {unknown}


   Skills:
 - Level 2.1 Fighting
 + Level 9.0 Ranged Weapons
 - Level 1.5 Dodging
 - Level 1.1 Stealth


You had 6 spell levels left.
You didn't know any spells.
Your spell library contained the following spells:

 Spells                   Type           Power      Damage    Failure   Level
 Freeze                   Ice            0%         1d3       41%         1
 Summon Small Mammal      Summ           0%         N/A       41%         1
 Scorch                   Fire           0%         2d5       56%         2
 Call Canine Familiar     Summ           0%         N/A       80%         3
 Frozen Ramparts          Ice            0%         1d1       80%         3
 Hailstorm                Conj/Ice       0%         3d3       80%         3
 Portal Projectile        Hex/Tloc       0%         N/A       80%         3
 Summon Guardian Golem    Hex/Summ       0%         N/A       80%         3
 Tukima's Dance           Hex            0%         N/A       80%         3
 Cause Fear               Hex            0%         N/A       99%         4
 Flame Wave               Conj/Fire      0%         2d4       99%         4
 Blade Hands              Tmut           0%         N/A       100%        5
 Summon Cactus Giant      Summ           0%         N/A       100%        6
 Dragon Form              Tmut           0%         N/A       100%        7
 Dragon's Call            Summ           0%         N/A       100%        9


Dungeon Overview and Level Annotations

Branches:
Dungeon (4/15)
 Temple: D:4-7

Altars:

Shops:
D:3 :(

Annotations:
D:4 Duvessa


Innate Abilities, Weirdness & Mutations

You are immune to sickness and miasma.
Your stone body is resilient. (AC +4)
You are immune to poison.
You resist negative energy. (rN+)
You are resistant to electric shocks. (rElec)
You are resistant to unholy torment.
You are immune to petrification.


Message History

You shoot an arrow. The arrow hits Duvessa.
Duvessa is lightly wounded.
Duvessa hits you but does no damage.
You shoot an arrow. The arrow hits Duvessa.
Duvessa is moderately wounded.
Duvessa hits you with a +0 short sword. x2
You shoot an arrow. The arrow hits Duvessa.
Duvessa is moderately wounded.
Duvessa hits you with a +0 short sword! Duvessa hits you with a +0 short sword.
You shoot an arrow. The arrow closely misses Duvessa.
Duvessa hits you with a +0 short sword!
* * * LOW HITPOINT WARNING * * *
You feel much better. Duvessa hits you with a +0 short sword.
Duvessa completely misses you.
You fade into invisibility!
Duvessa misses you.
You shoot an arrow. The arrow closely misses Duvessa.
Duvessa hits you with a +0 short sword. Duvessa barely misses you.
You shoot an arrow. The arrow hits Duvessa!
Duvessa is heavily wounded.
Duvessa hits you but does no damage.
You shoot an arrow. The arrow hits Duvessa.
Duvessa is heavily wounded.
Duvessa barely misses you. Duvessa hits you with a +0 short sword.
You shoot an arrow. The arrow hits Duvessa.
Duvessa is heavily wounded.
Duvessa barely misses you. Duvessa hits you with a +0 short sword!
You shoot an arrow. The arrow hits Duvessa!
Duvessa is severely wounded.
Duvessa hits you but does no damage.
You shoot an arrow.
The arrow hits Duvessa but does no damage.
Duvessa is severely wounded.
Duvessa hits you with a +0 short sword. x2
You shoot an arrow. The arrow hits Duvessa.
Duvessa is severely wounded.
Duvessa hits you with a +0 short sword!
* * * LOW HITPOINT WARNING * * *
Duvessa hits you with a +0 short sword.
You die...

############ ...........####
...........$...
...............
...............
...............
...............
.)....e@.......
...............
..................
...................
.......<....................
............................
............................
............................
............................


You could see Duvessa (berserk, unable to see you).

Vanquished Creatures
  Sigmund (D:4)
  4 wights (D:3)
  Dowan (D:4)
  An iguana (D:3)
  An orc priest (D:4)
  Jessica (D:2)
  2 orc wizards (D:3)
  Robin (D:4)
  5 adders
  3 worms
  A dart slug (D:3)
  5 orcs (D:3)
  4 endoplasms
  2 giant cockroaches (D:2)
  15 goblins
  5 hobgoblins
  3 jackals (D:1)
  A quokka (D:3)
  4 ball pythons
  2 bats
  5 frilled lizards
  4 kobolds
  A rat (D:3)
72 creatures vanquished.

Vanquished Creatures (others)
  A plant (D:1)
1 creature vanquished.

Grand Total: 73 creatures vanquished

Notes
Turn   | Place    | Note
-------+----------+-------------------------------------------
     0 | D:1      | HoaS the Gargoyle Hunter began the quest for the Orb.
     0 | D:1      | Reached XP level 1. HP: 12/12 MP: 1/1
   119 | D:1      | Reached XP level 2. HP: 17/17 MP: 2/2
   185 | D:1      | Found a faded altar of an unknown god.
   818 | D:2      | Noticed Jessica
   835 | D:2      | Reached skill level 5 in Ranged Weapons
   835 | D:2      | Reached XP level 3. HP: 14/21 MP: 3/3
   838 | D:2      | Killed Jessica
   839 | D:2      | Reached XP level 4. HP: 19/26 MP: 4/4
   977 | D:2      | Identified the +0 leather armour "Zeuttadi" {rElec Str+6}
  1404 | D:3      | Reached skill level 6 in Ranged Weapons
  1404 | D:3      | Reached XP level 5. HP: 30/30 MP: 5/5
  1445 | D:3      | Reached skill level 7 in Ranged Weapons
  1445 | D:3      | Reached XP level 6. HP: 35/35 MP: 6/6
  1545 | D:3      | Found Bodumnor's Book Shoppe.
  1634 | D:3      | Found Xalu Eps's Weapon Boutique.
  2651 | D:4      | Reached skill level 8 in Ranged Weapons
  2817 | D:4      | Reached XP level 7. HP: 38/40 MP: 7/7
  2836 | D:4      | Noticed Sigmund
  2860 | D:4      | Killed Sigmund
  2945 | D:4      | Noticed Robin
  2972 | D:4      | Killed Robin
  3018 | D:4      | Noticed Dowan
  3020 | D:4      | Noticed Duvessa
  3026 | D:4      | Killed Dowan
  3027 | D:4      | Reached skill level 9 in Ranged Weapons
  3040 | D:4      | HP: 2/40 [Duvessa/+0 short sword (9)]
  3040 | D:4      | Slain by Duvessa

Illustrated notes

Levels and vault maps discovered:
D:1:      minmay_arrival_stone_box, layout_loops_ring,
          hellmonk_ecumenical_altar_slurped_away, serial_forest,
          infiniplex_forest_clump_medium, infiniplex_forest_lined_2,
          infiniplex_forest_lined_3_way, infiniplex_forest_end_2,
          infiniplex_forest_clump_tiny, infiniplex_forest_zigzag_2,
          infiniplex_forest_straight_1, infiniplex_forest_fountain,
          infiniplex_forest_fountain
D:2:      layout_rooms, kennysheep_minor_cross, uniq_jessica
D:3:      layout_basic, serial_shops, nicolae_shop_bloodbath_and_beyond,
          nicolae_shop_hallway_stairs
D:4:      layout_layer_cave, uniq_duvessa, uniq_sigmund, uniq_robin

Skill      XL: |  1  2  3  4  5  6  7 |
---------------+----------------------+-----
Ranged Weapons | 5 6 7 8 9 |  9.0
Fighting       | |  2.1
Dodging        | |  1.5
Stealth        | |  1.1

Action                     |  1- 3 |  4- 6 |  7- 9 || total
---------------------------+-------+-------+-------++-------
  Melee: Shortbow          |       |     1 |       ||     1
   Fire: Shortbow          |    62 |   120 |    67 ||   249
    Use: Scroll            |       |    15 |     2 ||    17
         Potion            |       |       |     2 ||     2
 Armour: Leather armour    |    14 |    27 |     9 ||    50
  Dodge: Dodged            |    23 |    29 |    10 ||    62

Table legend: (Time is in decaauts)
 A = Elapsed time spent in this place.
 B = Non-inter-level travel time spent in this place.
 C = Inter-level travel time spent in this place.
 D = Time resting spent in this place.
 E = Time spent auto-exploring this place.
 F = Levels seen in this place.
 G = Mean time per level.
                   A        B        C        D        E       F      G
               +--------+--------+--------+--------+--------+-----+--------+
         Total |   3087 |   2976 |    111 |    272 |   2135 |   4 |  771.8 |
       Dungeon |   3087 |   2976 |    111 |    272 |   2135 |   4 |  771.8 |
               +--------+--------+--------+--------+--------+-----+--------+

Top non-repeatable levels by time:
     D:3: 1303 daAuts
     D:1: 785 daAuts
     D:2: 539 daAuts
     D:4: 459 daAuts
